 Dungeon Crawl Stone Soup version 0.26.1-2-gb8aa6d0cf2 (webtiles) character file.

Game seed: 12274078120212785534

1973 Riddle the Shield-Bearer (level 9, -3/73 HPs)
             Began as a Gnoll Fighter on Mar 23, 2021.
             Killed by divine providence
             ... invoked by an orc priest
              (12 damage)
             ... on level 6 of the Dungeon.
             The game lasted 00:07:13 (7596 turns).

Riddle the Shield-Bearer (Gnoll Fighter)            Turns: 7596, Time: 00:07:14

Health: -3/73      AC:  5    Str: 21    XL:     9   Next: 20%
Magic:  15/15      EV: 12    Int: 17    God:
Gold:   365        SH: 11    Dex: 15    Spells: 16/16 levels left

rFire    + . .     SeeInvis +   a - +0 war axe
rCold    . . .     Faith    .   c - +0 kite shield
rNeg     . . .     Spirit   .   y - +1 leather armour of Eternal Vigilance {Will+ Int+6 SInv} (curse)
rPois    .         Reflect  .   (no helmet)
rElec    .         Harm     .   (no cloak)
rCorr    .         Rampage  .   (no gloves)
Will     +....                  (no boots)
Stlth    +.........             (no amulet)
HPRegen  0.22/turn              v - ring of protection from fire
MPRegen  0.14/turn              z - ring of attention (curse)

@: lethally poisoned (-3 -> -4)
A: distributed training, fangs 1, strong nose
a: no special abilities


You were on level 6 of the Dungeon.
You visited 2 branches of the dungeon, and saw 8 of its levels.
You also visited: Ossuary.

You collected 365 gold pieces.

Inventory:

Hand Weapons
 a - a +0 war axe (weapon)
Armour
 b - a +0 scale mail
 c - a +0 kite shield (worn)
 y - the cursed +1 leather armour of Eternal Vigilance (worn) {Will+ Int+6 SInv}
   (You found it on level 7 of the Dungeon)

   It affects your intelligence (+6).
   It affects your willpower, your defense against some magical effects.
   It lets you see invisible.
   It has a curse placed upon it.
Jewellery
 v - a ring of protection from fire (left hand)
 z - a cursed ring of attention (right hand)
 A - an uncursed ring of resist corrosion {unknown}
Wands
 w - a wand of enslavement (10)
 B - a wand of polymorph (6)
Scrolls
 e - a scroll of immolation {unknown}
 f - 7 scrolls of remove curse
 k - 4 scrolls of teleportation
 l - a scroll of random uselessness {unknown}
 m - 3 scrolls of fear
 n - a scroll of magic mapping
 o - 3 scrolls of identify
 p - 3 scrolls of amnesia
 s - 2 scrolls of silence {unknown}
 t - a scroll of fog {unknown}
 u - a scroll of noise {unknown}
Potions
 d - a potion of might
 g - 2 potions of ambrosia {unknown}
 h - 2 potions of heal wounds {unknown}
 i - a potion of curing
 j - a potion of lignification
 q - 2 potions of mutation {unknown}
 r - 3 potions of flight
 x - 2 potions of brilliance {unknown}


   Skills:
 + Level 7.7 Fighting
 + Level 4.0 Short Blades
 + Level 4.0 Long Blades
 + Level 6.1 Axes
 + Level 4.0 Maces & Flails
 + Level 4.0 Polearms
 + Level 4.0 Staves
 + Level 4.0 Slings
 + Level 4.0 Bows
 + Level 4.0 Crossbows
 + Level 4.0 Throwing
 + Level 7.7 Armour
 + Level 4.0 Dodging
 + Level 4.0 Stealth
 + Level 7.7 Shields
 + Level 4.0 Unarmed Combat
 + Level 4.0 Spellcasting
 + Level 3.3 Conjurations
 + Level 3.3 Hexes
 + Level 3.3 Summonings
 + Level 3.3 Necromancy
 + Level 3.3 Translocations
 + Level 3.3 Transmutations
 + Level 3.3 Fire Magic
 + Level 3.3 Ice Magic
 + Level 3.3 Air Magic
 + Level 3.3 Earth Magic
 + Level 3.3 Poison Magic
 + Level 4.4 Invocations
 + Level 4.0 Evocations


You had 16 spell levels left.
You didn't know any spells.
Your spell library contained the following spells:

 Spells                   Type           Power        Failure   Level
 Sublimation of Blood     Necr           7%           19%         2
 Confusing Touch          Hex            14%          34%         3
 Portal Projectile        Hex/Tloc       28%          34%         3
 Metabolic Englaciation   Hex/Ice        7%           97%         5


Dungeon Overview and Level Annotations

Branches:
Dungeon (7/15)             Temple (1/1) D:7         Ossuary (visited)

Altars:
Ashenzari
Cheibriados
Dithmenos
Elyvilon
Fedhas
Gozag
Hepliaklqana
Kikubaaqudgha
Makhleb
Nemelex Xobeh
Okawaru
Qazlal
Ru
Sif Muna
Trog
Uskayaw
Vehumet
Wu Jian
Xom
Yredelemnul
Zin
The Shining One

Shops:
D:7 =

Annotations:
D:3 Pikel
D:6 Edmund


Innate Abilities, Weirdness & Mutations

Your experience applies equally to all skills.
You have very sharp teeth.
Your uncanny sense of smell can sniff out nearby items.


Message History

The orc wizard gestures wildly while chanting.
The orc wizard seems to speed up.
You hear a zap.
You hear a grinding noise.
The orc wizard gestures wildly while chanting.
The orc wizard seems to speed up.
The bullfrog closely misses you.
You slash the bullfrog!
You kill the bullfrog!
The orc warrior barely misses you.
A centaur comes into view.
The centaur shouts!
The centaur wields a +0 shortbow.
The centaur shoots an arrow.
The arrow hits you!
The orc priest mumbles some strange prayers to Beogh against you.
Beogh smites you!
* * * LOW HITPOINT WARNING * * *
You hear a bark!
The centaur shoots an arrow.
You block the arrow.
The orc priest mumbles some strange prayers to Beogh against you.
Beogh smites you!
You die...

.# ∆ . ##. #..
#.##########..
##.##........c.
#.o.oo.@######
#.o##...#
#.†######
####### #.o#
......# #.>###
#####.##......#
#.####..#.#
#F####..#..#
#o#.....?....


You could see an orc warrior, a centaur, an orc priest and 2 orc wizards.

Vanquished Creatures
  An orc warrior (D:7)
  A necrophage (D:5)
  A phantom (D:5)
  An ogre (D:7)
  4 lemures (D:4)
  2 bullfrogs
  A gnoll sergeant (D:3)
  6 killer bees (D:7)
  2 howler monkeys (D:5)
  2 centaur zombies (Ossuary)
  5 human zombies
  2 hounds
  2 orc wizards
  2 orc priests
  3 human skeletons (D:4)
  8 worker ants
  Terence (D:2)
  A big kobold zombie (Ossuary)
  4 hound skeletons
  2 mummies (Ossuary)
  A howler monkey skeleton (D:5)
  9 gnolls
  9 adders
  2 shadow imps
  An adder skeleton (D:5)
  2 adder zombies
  2 dart slugs
  5 leopard geckos
  12 orcs
  2 bats (D:1)
  2 giant cockroaches (D:1)
  9 goblins
  2 hobgoblins (D:1)
  5 jackals
  4 kobolds
  4 quokkas
  A ball python (D:2)
  5 frilled lizards
  6 hobgoblin zombies (Ossuary)
  2 jackal zombies (Ossuary)
  11 kobold zombies (Ossuary)
  A leopard gecko skeleton (D:4)
  4 orc skeletons (D:4)
  11 orc zombies
  A quokka skeleton (D:5)
  3 rats (D:3)
  2 rat zombies (Ossuary)
169 creatures vanquished.

Notes
Turn   | Place    | Note
-------+----------+-------------------------------------------
     0 | D:1      | Riddle the Gnoll Fighter began the quest for the Orb.
     0 | D:1      | Reached XP level 1. HP: 23/23 MP: 1/1
   129 | D:1      | Reached XP level 2. HP: 29/29 MP: 2/2
   600 | D:2      | Reached XP level 3. HP: 35/35 MP: 3/3
   789 | D:2      | Noticed Terence
   797 | D:2      | Killed Terence
   798 | D:2      | Reached skill level 1 in Short Blades
   798 | D:2      | Reached skill level 1 in Long Blades
   798 | D:2      | Reached skill level 1 in Maces & Flails
   798 | D:2      | Reached skill level 1 in Polearms
   798 | D:2      | Reached skill level 1 in Staves
   798 | D:2      | Reached skill level 1 in Slings
   798 | D:2      | Reached skill level 1 in Bows
   798 | D:2      | Reached skill level 1 in Crossbows
   798 | D:2      | Reached skill level 1 in Throwing
   798 | D:2      | Reached skill level 1 in Dodging
   798 | D:2      | Reached skill level 1 in Stealth
   798 | D:2      | Reached skill level 1 in Unarmed Combat
   798 | D:2      | Reached skill level 1 in Spellcasting
   798 | D:2      | Reached skill level 1 in Invocations
   798 | D:2      | Reached skill level 1 in Evocations
   798 | D:2      | Reached XP level 4. HP: 34/41 MP: 5/5
  1239 | D:2      | Found a burning altar of Makhleb.
  1240 | D:2      | Found a radiant altar of Vehumet.
  1241 | D:2      | Found a shimmering blue altar of Sif Muna.
  1244 | D:2      | Found a glowing silver altar of Zin.
  1356 | D:2      | Found a sparkling altar of Nemelex Xobeh.
  1594 | D:3      | Noticed a gnoll sergeant
  1610 | D:3      | HP: 3/61 [adder (2)]
  1615 | D:3      | Reached skill level 1 in Conjurations
  1615 | D:3      | Reached skill level 1 in Hexes
  1615 | D:3      | Reached skill level 1 in Summonings
  1615 | D:3      | Reached skill level 1 in Necromancy
  1615 | D:3      | Reached skill level 1 in Translocations
  1615 | D:3      | Reached skill level 1 in Transmutations
  1615 | D:3      | Reached skill level 1 in Fire Magic
  1615 | D:3      | Reached skill level 1 in Ice Magic
  1615 | D:3      | Reached skill level 1 in Air Magic
  1615 | D:3      | Reached skill level 1 in Earth Magic
  1615 | D:3      | Reached skill level 1 in Poison Magic
  1624 | D:3      | Reached XP level 5. HP: 9/47 MP: 6/6
  2673 | D:4      | Reached XP level 6. HP: 39/53 MP: 8/8
  2910 | D:4      | Reached skill level 5 in Axes
  2934 | D:4      | Found a sand-covered staircase.
  2945 | Ossuary  | Entered an ossuary
  3073 | Ossuary  | Reached XP level 7. HP: 42/59 MP: 10/10
  4065 | D:4      | Noticed Pikel
  4766 | D:5      | Entered Level 5 of the Dungeon
  4871 | D:5      | Reached XP level 8. HP: 67/67 MP: 12/12
  5496 | D:6      | Noticed Edmund
  5594 | D:7      | HP: 3/67 [poisoned by a killer bee]
  5599 | D:7      | HP: 2/67 [poisoned by a killer bee]
  5606 | D:7      | HP: 2/67 [poisoned by a killer bee]
  5854 | D:7      | HP: 3/67 [killer bee (7)]
  5860 | D:7      | Found a staircase to the Ecumenical Temple.
  5863 | D:7      | Got an ancient leather armour
  5874 | D:7      | Identified the cursed +1 leather armour of Eternal
                  | Vigilance {Will+ Int+6 SInv} (You found it on level 7 of
                  | the Dungeon)
  5878 | Temple   | Entered the Ecumenical Temple
  6419 | D:7      | Identified the Almanac of Evil Magic and Execration
  6430 | D:7      | Found Avoum's Jewellery Shoppe.
  6592 | D:7      | Reached XP level 9. HP: 49/72 MP: 14/14
  7596 | D:6      | Killed from afar by an orc priest

Illustrated notes

Levels and vault maps discovered:
D:1:      minmay_arrival_open_corners, layout_basic
D:2:      layout_basic, minitemple, serial_forest, infiniplex_forest_lined_3,
          infiniplex_forest_lined_corner, infiniplex_forest_join,
          infiniplex_forest_end_1, infiniplex_forest_clump_double,
          infiniplex_forest_pool, nemelex_altar_shiori, uniq_terence
D:3:      layout_basic
D:4:      layout_rooms, nicolae_ossuary_entry_catacombs, glass_columns_b,
          uniq_pikel
D:5:      layout_rooms
D:6:      layout_loops_ring, uniq_edmund, uniq_prince_ribbit1,
          uniq_blork_the_orc
D:7:      layout_loops_ring, minmay_temple_entry_glass, serial_shops, shop,
          lightli_bailey_entry_fortress, kennysheep_generic_room_13
Temple:   dpeg_five_rooms_temple

Skill      XL: |  1  2  3  4  5  6  7  8  9 |
---------------+----------------------------+-----
Short Blades   | 1 2 3 4 |  4.0
Long Blades    | 1 2 3 4 |  4.0
Maces & Flails | 1 2 3 4 |  4.0
Polearms       | 1 2 3 4 |  4.0
Staves         | 1 2 3 4 |  4.0
Slings         | 1 2 3 4 |  4.0
Bows           | 1 2 3 4 |  4.0
Crossbows      | 1 2 3 4 |  4.0
Throwing       | 1 2 3 4 |  4.0
Dodging        | 1 2 3 4 |  4.0
Stealth        | 1 2 3 4 |  4.0
Unarmed Combat | 1 2 3 4 |  4.0
Spellcasting   | 1 2 3 4 |  4.0
Invocations    | 1 2 3 4 |  4.4
Evocations     | 1 2 3 4 |  4.0
Conjurations   | 1 2 3 |  3.3
Hexes          | 1 2 3 |  3.3
Summonings     | 1 2 3 |  3.3
Necromancy     | 1 2 3 |  3.3
Translocations | 1 2 3 |  3.3
Transmutations | 1 2 3 |  3.3
Fire Magic     | 1 2 3 |  3.3
Ice Magic      | 1 2 3 |  3.3
Air Magic      | 1 2 3 |  3.3
Earth Magic    | 1 2 3 |  3.3
Poison Magic   | 1 2 3 |  3.3
Axes           | 5 6 |  6.1
Fighting       | 7 |  7.7
Armour         | 7 |  7.7
Shields        | 7 |  7.7

Action                   |  1- 3 |  4- 6 |  7- 9 || total
-------------------------+-------+-------+-------++-------
Melee: War axe           |    41 |   148 |   377 ||   566
       Bite              |     3 |    18 |    57 ||    78
  Use: Potion            |       |     6 |     2 ||     8
       Scroll            |       |       |     5 ||     5
 Stab: Distracted        |       |       |     1 ||     1
       Sleeping          |       |       |     1 ||     1
Armor: Scale mail        |    11 |    49 |    76 ||   136
       Skin              |       |    22 |       ||    22
       Leather armour    |       |       |    12 ||    12
Dodge: Dodged            |    12 |    46 |   144 ||   202
Block: Kite shield       |    23 |    76 |   228 ||   327
